 Dungeon Crawl Stone Soup version 0.32-a0-841-g4648e6c457 (webtiles) character file.

Game seed: 14101574693538263304

105 FulminatorMage the Changeling (level 4, -2/36 HPs)
             Began as a Draconian Shapeshifter on Mar 26, 2024.
             Slain by Grinder (3 damage)
             ... on level 3 of the Dungeon.
             The game lasted 00:02:00 (1421 turns).

FulminatorMage the Changeling (DrSh)                Turns: 1421, Time: 00:02:01

Health: -2/36      AC:  5    Str: 19    XL:     4   Next: 54%
Magic:  4/4        EV: 12    Int: 10    God:
Gold:   95         SH:  0    Dex: 19    Spells: 3/3 levels left

rFire   . . .        l - +9 whip of Frustration {freeze, Str+3 Dex+6}
rCold   . . .        (no shield)
rNeg    . . .        (body armour unavailable)
rPois   .            (helmet currently unavailable)
rElec   .            (cloak currently unavailable)
rCorr   .            (gloves currently unavailable)
SInv    .            (boots currently unavailable)
Will    .....        (no amulet)
Stlth   ++           (no ring)
HPRegen 0.26/turn    (no ring)
MPRegen 0.09/turn

%: no passive effects
@: beast-form
A: beast (slay +2), AC +5, unfitting armour, cold-blooded
a: Begin Untransformation


You were on level 3 of the Dungeon.
You were a hulking beast.
You visited 1 branch of the dungeon, and saw 3 of its levels.

You collected 95 gold pieces.

Inventory:

Hand Weapons
 l - the +9 whip of Frustration (weapon) {freeze, Str+3 Dex+6}
   (You found it on level 2 of the Dungeon)

   Str+3:     It affects your strength (+3).
   Dex+6:     It affects your dexterity (+6).
Armour
 m - a +0 pair of gloves
Jewellery
 j - a ring of wizardry
Talismans
 b - a beast talisman (active)
 c - a flux talisman
Scrolls
 e - 5 scrolls of identify {unknown}
 i - 5 scrolls of teleportation {unknown}
 k - a scroll of fog {unknown}
 n - a scroll of revelation {unknown}
 o - a scroll of vulnerability {unknown}
 q - a scroll of brand weapon {unknown}
 r - a scroll of enchant armour {unknown}
Potions
 a - 3 potions of lignification
 d - a potion of attraction {unknown}
 f - a potion of haste {unknown}
 g - a potion of heal wounds {unknown}
 h - 2 potions of degeneration {unknown}
 p - 2 potions of invisibility {unknown}


   Skills:
 + Level 2.2 Fighting
 + Level 2.4 Dodging
 + Level 3.5 Unarmed Combat
 * Level 4.0 Shapeshifting


You had 3 spell levels left.
You didn't know any spells.
Your spell library was empty.

Dungeon Overview and Level Annotations

Branches:
Dungeon (3/15)

Altars:
Qazlal
Uskayaw

Annotations:
D:3 Grinder


Innate Abilities, Weirdness & Mutations

You are a hulking beast.
Your limbs bulge with bestial killing power. (Slay +2)
Your plain brown scales are hard. (AC +5)
You cannot fit into any form of body armour.
You are cold-blooded and may be slowed by cold attacks.


Message History

You see here a +0 dagger.
Found a stone staircase leading down.
There is a stone staircase leading down here.
A kobold comes into view. It is wielding a +3 dagger.
A kobold is nearby!
A kobold is nearby!
The kobold shouts!
You closely miss the kobold. The kobold closely misses you.
Grinder comes into view.
Grinder shouts!
You whack the kobold! You freeze the kobold.
You kill the kobold!
You see here a +3 dagger.
Unknown command.
A ball python comes into view.
The ball python hisses angrily.
Grinder hits you.
You writhe in agony.
A kobold comes into view. It is wielding a +0 short sword.
The kobold shouts!
You hit Grinder.
Your tail-slap misses Grinder.
Grinder is lightly wounded.
Grinder hits you but does no damage.
You closely miss Grinder.
Grinder is lightly wounded.
Grinder gestures at you. Pain shoots through your body!
You are too injured to fight recklessly!
You are too injured to fight recklessly!
Unknown command.
You closely miss Grinder.
Grinder is lightly wounded.
Grinder hits you.
You writhe in agony.
* * * LOW HITPOINT WARNING * * *
Unknown command.
Unknown command.
Grinder attacks as she pursues you! Grinder hits you.
* * * LOW HITPOINT WARNING * * *
You writhe in agony.
You die...
Grinder sighs, "Dead already?
I want a refund."

........#
........#
........#
........#
........#
........#
.......S########
.....K..5h....>#
.#...##.######.#
.# #. #..#
#.##.# #.##
#.##.# #. #.##.#
#. #.##.# ..
#.##.# ##
#.##.######
#.........#


You could see Grinder, a ball python and a kobold.

Vanquished Creatures
  Robin (D:2)
  3 gnolls (D:2)
  An adder (D:2)
  3 bats
  6 endoplasms
  A giant cockroach (D:1)
  8 hobgoblins
  4 jackals (D:1)
  5 kobolds
  2 quokkas
  A ball python (D:2)
  2 frilled lizards (D:1)
  8 goblins
  6 rats
51 creatures vanquished.

Notes
Turn   | Place    | Note
-------+----------+-------------------------------------------
     0 | D:1      | FulminatorMage the Draconian Shapeshifter began the quest
                  | for the Orb.
     0 | D:1      | Reached XP level 1. HP: 16/16 MP: 1/1
   146 | D:1      | Reached XP level 2. HP: 23/23 MP: 2/2
   371 | D:1      | Found a faded altar of an unknown god.
   534 | D:2      | Reached XP level 3. HP: 26/29 MP: 3/3
   601 | D:2      | Identified the +9 whip of Frustration {freeze, Str+3 Dex+6}
  1045 | D:2      | Reached XP level 4. HP: 34/36 MP: 4/4
  1113 | D:2      | Noticed Robin
  1116 | D:2      | Killed Robin
  1175 | D:2      | Found a stormy altar of Qazlal.
  1310 | D:3      | Found a hide-covered altar of Uskayaw.
  1330 | D:3      | Reached skill level 4 in Shapeshifting
  1412 | D:3      | Noticed Grinder
  1421 | D:3      | HP: 1/36 [Grinder (6)]
  1421 | D:3      | Slain by Grinder

Illustrated notes

Levels and vault maps discovered:
D:1:      saegor_arrival_simple_d, layout_basic,
          shapermc_ecumenical_altar_ellora
D:2:      layout_basic, basic_altar, uniq_robin
D:3:      layout_basic, yredelemnul_altar_generic, nicolae_uskayaw_dance_hall,
          minmay_misc_feat_doors, uniq_grinder

Skill      XL: |  1  2  3  4 |
---------------+-------------+-----
Dodging        | 2 |  2.4
Fighting       | 2 |  2.2
Shapeshifting  | 4 |  4.0
Unarmed Combat | |  3.5

Action                     |  1- 3 |  4- 6 || total
---------------------------+-------+-------++-------
  Melee: Unarmed           |    68 |       ||    68
         Tailslap          |     9 |     1 ||    10
         Punch             |     3 |       ||     3
         Whip              |    10 |    26 ||    36
    Use: Scroll            |     1 |       ||     1
   Stab: Sleeping          |     1 |       ||     1
 Armour: Skin              |    45 |     6 ||    51
  Dodge: Dodged            |    40 |     7 ||    47

Table legend: (Time is in decaauts)
 A = Elapsed time spent in this place.
 B = Non-inter-level travel time spent in this place.
 C = Inter-level travel time spent in this place.
 D = Time resting spent in this place.
 E = Time spent auto-exploring this place.
 F = Levels seen in this place.
 G = Mean time per level.
                   A        B        C        D        E       F      G
               +--------+--------+--------+--------+--------+-----+--------+
         Total |   1422 |   1355 |     67 |    157 |    895 |   3 |  474.0 |
       Dungeon |   1422 |   1355 |     67 |    157 |    895 |   3 |  474.0 |
               +--------+--------+--------+--------+--------+-----+--------+

Top non-repeatable levels by time:
     D:1: 658 daAuts
     D:2: 605 daAuts
     D:3: 158 daAuts
